 Dungeon Crawl Stone Soup version 0.17-a0-1887-g3e50df6 (webtiles) character file.

22119 kae the Markself (level 12, -2/96 HPs)
             Began as a High Elf Hunter on Sept 23, 2015.
             Was the Champion of Okawaru.
             Slain by an ice devil (30 damage)
             ... in an ice cave.
             The game lasted 00:27:15 (14866 turns).

kae the Markself (High Elf Hunter)                 Turns: 14866, Time: 00:27:15

Health: -2/96      AC: 18    Str: 11    XL:     12   Next: 60%
Magic:  13/13      EV: 10    Int: 18    God:    Okawaru [******]
Gold:   514        SH:  0    Dex: 24    Spells: 0 memorised, 11 levels left

rFire  + . .     SeeInvis .     b - +1 mace (freeze)
rCold  . . .     Clarity  .     u - +1 scale mail
rNeg   . . .     SustAt   .     (no shield)
rPois  .         Gourm    .     (helmet restricted)
rElec  .         Spirit   .     K - +2 cloak {+Inv}
rCorr  .         Warding  .     t - +2 pair of gloves {Dex+3}
rMut   .         Stasis   .     i - +0 pair of boots
MR     +....                    T - amulet of faith
Stlth  +.........               V - +4 ring of protection
                                P - ring of protection from fire

@: somewhat resistant to hostile enchantments, very unstealthy
A: horns 1, clever 1
a: Heroism, Finesse, Renounce Religion, Evoke Invisibility


You were in an ice cave.
You worshipped Okawaru.
Okawaru was exalted by your worship.
You were very hungry.

You visited 2 branches of the dungeon, and saw 14 of its levels.
You also visited: Ice Cave.

You collected 810 gold pieces.
You spent 296 gold pieces at shops.

Inventory:

Hand weapons
 a - a +2 shortbow
 b - a +1 mace of freezing (weapon)
Armour
 d - a +0 leather armour
 i - a +0 pair of boots (worn)
 t - a +2 pair of gloves of dexterity (worn)
 u - a +1 scale mail (worn)
 K - a +2 cloak of invisibility (worn)
Jewellery
 n - an uncursed amulet of regeneration
 r - an uncursed ring of wizardry
 P - a ring of protection from fire (left hand)
 T - an amulet of faith (around neck)
 V - a +4 ring of protection (right hand)
Magical devices
 l - a wand of enslavement (10)
 p - a wand of magic darts (20)
 B - a wand of random effects (13)
 F - a wand of disintegration (21)
 G - a wand of disintegration (12)
 L - a wand of polymorph (10)
 M - a wand of random effects (32)
 R - a wand of slowing (13)
 Z - a wand of cold (5)
Scrolls
 e - 4 scrolls of magic mapping
 g - 2 scrolls of recharging
 k - a scroll of teleportation
 m - 4 scrolls of immolation
 s - 6 scrolls of remove curse
 w - 3 scrolls of enchant weapon
 E - 2 scrolls of blinking
Potions
 q - 7 potions of curing
 v - 2 potions of flight
 x - 6 potions of heal wounds
 A - 2 potions of might
 C - 2 potions of berserk rage
 H - a potion of agility
 S - a potion of haste
Books
 h - a book of Unlife

   Spells                             Type                      Level
   a - Recall                         Summoning/Translocation      3
   b - Animate Dead                   Necromancy                   4
   c - Control Undead                 Necromancy                   4
   d - Cigotuvi's Embrace             Necromancy                   5
   e - Death Channel                  Necromancy                   6
   f - Simulacrum                     Ice/Necromancy               6
 o - a book of Frost

   Spells                             Type                      Level
   a - Freeze                         Ice                          1
   b - Throw Frost                    Conjuration/Ice              2
   c - Ozocubu's Armour               Charms/Ice                   3
   d - Throw Icicle                   Conjuration/Ice              4
   e - Summon Ice Beast               Ice/Summoning                4
   f - Condensation Shield            Ice                          4
 I - a book of Annihilations

   Spells                             Type                      Level
   a - Poison Arrow                   Conjuration/Poison           6
   b - Chain Lightning                Conjuration/Air              8
   c - Lehudib's Crystal Spear        Conjuration/Earth            8
   d - Glaciate                       Conjuration/Ice              9
   e - Fire Storm                     Conjuration/Fire             9
 W - a book of Alchemy

   Spells                             Type                      Level
   a - Sublimation of Blood           Necromancy                   2
   b - Ignite Poison                  Fire/Transmutation/Poison    3
   c - Alistair's Intoxication        Transmutation/Poison         4
   d - Condensation Shield            Ice                          4
   e - Petrify                        Transmutation/Earth          4
   f - Irradiate                      Conjuration/Transmutation    5
 X - a book of Changes

   Spells                             Type                      Level
   a - Beastly Appendage              Transmutation                1
   b - Sticks to Snakes               Transmutation                2
   c - Spider Form                    Transmutation/Poison         3
   d - Ice Form                       Ice/Transmutation            4
   e - Blade Hands                    Transmutation                5
Comestibles
 f - 4 beef jerkies
 z - 8 bread rations
 D - 6 meat rations
 N - 9 royal jellies
 O - 14 fruits


   Skills:
 + Level 14.1 Fighting
 - Level 19.1 Bows
 - Level 2.1 Dodging
 - Level 1.1 Stealth


You had 11 spell levels left.
You didn't know any spells.

Dungeon Overview and Level Annotations

Branches:
Dungeon (11/15)            Temple (0/1) D:7            Lair (3/8) D:11
    Orc (0/4) D:9
  Swamp: Lair:3-6    Shoals: Lair:3-6     Snake: Lair:3-6    Spider: Lair:3-6

Altars:
Ashenzari
Elyvilon
Fedhas
Gozag
Kikubaaqudgha
Makhleb
Okawaru
Ru
Vehumet
Zin

Shops:
D:4 [   D:5 }   D:7 *![   D:8 (

Annotations:
D:2 Natasha
Lair:2 exclusion: oklob plant


Innate Abilities, Weirdness & Mutations

You have a pair of small horns on your head.
Your mind is acute. (Int +2)


Message History

Aim: an ice devil (heavily wounded)
You shoot an arrow of frost. The arrow of frost hits the ice devil.
The ice devil is severely wounded.
The ice devil hits you. The ice devil freezes you!!
Firing (i - inventory): No suitable missiles.
Press: ? - help, Shift-Dir - straight line, f/p - ice devil
Aim: an ice devil (severely wounded)
Okay, then.
Firing (i - inventory): No suitable missiles.
Press: ? - help, Shift-Dir - straight line, f/p - ice devil
Aim: an ice devil (severely wounded)
Okay, then.
It glows with a cold blue light!
b - a +1 mace of freezing (weapon)
You hit the ice devil. You headbutt the ice devil.
The ice devil is severely wounded.
The ice devil hits you.
* * * LOW HITPOINT WARNING * * *
The ice devil freezes you!!
You die...

.....#
#.(.#
##...#
#...#
#..(##
##...#
##...##
##..3..##
#...@...#
#...∩...#
##.....##
##...##
#####


You could see an ice devil.

Vanquished Creatures
  Snorg (D:11)
  5 hydras
  Erolcha (D:10)
  Nergalle (Lair:2)
  2 hill giants
  A cyclops (D:11)
  2 black mambas (Lair:1)
  Maurice (D:8)
  Joseph (D:9)
  A gargoyle (D:11)
  5 spiny frogs
  3 komodo dragons
  A troll (D:9)
  Prince Ribbit (D:9)
  2 two-headed ogres
  2 fire bats (Lair:1)
  A hungry ghost (D:10)
  A wraith (D:11)
  16 yaks
  A deep elf mage (D:10)
  A steam dragon (D:9)
  4 hippogriffs
  A soldier ant (D:9)
  3 porcupines
  A mottled dragon (D:11)
  5 water moccasins
  5 ogres
  2 necrophages
  2 orc warriors
  13 ice beasts
  2 sky beasts
  A black bear (D:11)
  A phantom (D:10)
  A centaur (D:8)
  A wasp (D:9)
  Blork the orc (D:4)
  A brain worm (D:9)
  5 crocodiles
  2 big kobolds
  6 giant frogs
  5 scorpions
  A vampire bat (Lair:1)
  8 wights
  3 killer bees (D:9)
  A quasit (D:10)
  3 centaur zombies
  3 hounds
  4 crimson imps
  4 orc priests
  2 jellies
  5 orc wizards
  A centaur skeleton (D:9)
  2 giant frog skeletons
  4 iguanas
  9 worker ants
  2 hound zombies
  3 gnolls (D:7)
  12 adders
  19 river rats
  A shadow imp (D:5)
  3 oozes
  An adder skeleton (D:4)
  An adder zombie (D:8)
  3 worms (D:2)
  30 orcs
  7 goblins
  5 hobgoblins
  4 jackals (D:5)
  A ball python (D:1)
  16 bats
  12 giant cockroaches
  A giant cockroach zombie (D:5)
  5 giant geckos
  2 giant gecko zombies
  6 giant newts
  23 kobolds
  5 quokkas
  14 rats
  A fungus (D:4)
339 creatures vanquished.

Vanquished Creatures (others)
  A plant (Lair:3)
1 creature vanquished.

Grand Total: 340 creatures vanquished

Notes
Turn   | Place    | Note
--------------------------------------------------------------
     0 | D:1      | kae the High Elf Hunter began the quest for the Orb.
     0 | D:1      | Reached XP level 1. HP: 14/14 MP: 2/2
   398 | D:1      | Reached XP level 2. HP: 12/19 MP: 3/3
   543 | D:1      | Reached skill level 6 in Bows
  1048 | D:1      | Reached XP level 3. HP: 22/24 MP: 4/4
  1762 | D:2      | Reached skill level 7 in Bows
  2022 | D:2      | Reached XP level 4. HP: 27/29 MP: 5/5
  2799 | D:2      | Noticed Natasha
  2944 | D:2      | Found a burning altar of Makhleb.
  3265 | D:2      | Reached skill level 8 in Bows
  3647 | D:3      | Found a glowing silver altar of Zin.
  3651 | D:3      | Reached XP level 5. HP: 21/34 MP: 6/6
  4289 | D:4      | Reached skill level 9 in Bows
  4371 | D:4      | Found Febuemme's Antique Armour Emporium.
  4396 | D:4      | Noticed Blork the orc
  4412 | D:4      | Killed Blork the orc
  4412 | D:4      | Reached XP level 6. HP: 6/39 MP: 7/7
  4826 | D:4      | Found a sacrificial altar of Ru.
  4955 | D:4      | Found an iron altar of Okawaru.
  4975 | D:4      | Became a worshipper of Warmaster Okawaru
  5055 | D:4      | Noticed an ogre
  5070 | D:4      | Killed an ogre
  5070 | D:4      | Reached skill level 10 in Bows
  5190 | D:5      | Entered Level 5 of the Dungeon
  5206 | D:5      | HP: 1/39 [ice beast (11)]
  5213 | D:4      | Acquired Okawaru's first power
  5288 | D:5      | Found Uteyth's Quality Used Wands.
  5317 | D:5      | Reached skill level 11 in Bows
  5317 | D:5      | Reached XP level 7. HP: 45/45 MP: 8/8
  5321 | D:5      | Found an ancient bone altar of Kikubaaqudgha.
  5389 | D:4      | Bought a pair of glowing gloves for 153 gold pieces
  5918 | D:5      | Reached skill level 12 in Bows
  6770 | D:6      | Reached XP level 8. HP: 50/50 MP: 6/9
  6799 | D:6      | Found a blossoming altar of Fedhas.
  6848 | D:6      | Reached skill level 13 in Bows
  7393 | D:7      | Found a staircase to the Ecumenical Temple.
  7397 | D:7      | Found Etoxtazo's General Store.
  7402 | D:7      | Found Dena's Distillery.
  7417 | D:7      | Bought a potion of heal wounds for 65 gold pieces
  7417 | D:7      | Bought a potion of curing for 39 gold pieces
  7417 | D:7      | Bought a potion of curing for 39 gold pieces
  7487 | D:7      | Reached skill level 14 in Bows
  7564 | D:7      | Found Detuosk's Antique Armour Emporium.
  7640 | D:7      | Found a white marble altar of Elyvilon.
  8139 | D:8      | Reached skill level 15 in Bows
  8309 | D:8      | Noticed Maurice
  8318 | D:8      | Reached XP level 9. HP: 54/54 MP: 7/10
  8364 | D:8      | Killed Maurice
  8431 | D:8      | Noticed a two-headed ogre
  8473 | D:8      | Killed a two-headed ogre
  8473 | D:8      | Reached skill level 16 in Bows
  8739 | D:8      | Found a radiant altar of Vehumet.
  8854 | D:8      | Found Isys Ixinokh's Weapon Emporium.
  9431 | D:9      | Reached skill level 17 in Bows
  9438 | D:9      | Noticed Prince Ribbit
  9453 | D:9      | Killed Prince Ribbit
  9489 | D:9      | Received a gift from Okawaru
  9558 | D:9      | Noticed Joseph
  9579 | D:9      | Killed Joseph
  9579 | D:9      | Reached skill level 18 in Bows
  9579 | D:9      | Reached XP level 10. HP: 55/60 MP: 9/11
  9591 | D:9      | Found a staircase to the Orcish Mines.
 10092 | D:9      | Paralysed by a wasp for 2 turns
 10224 | D:9      | Received a gift from Okawaru
 10225 | D:9      | Found a shattered altar of Ashenzari.
 10506 | D:10     | Entered Level 10 of the Dungeon
 10565 | D:10     | Noticed a hill giant
 10581 | D:10     | Killed a hill giant
 10581 | D:10     | Received a gift from Okawaru
 10581 | D:10     | Reached skill level 19 in Bows
 10619 | D:10     | Noticed Erolcha
 10631 | D:10     | Killed Erolcha
 10631 | D:10     | Received a gift from Okawaru
 10809 | D:10     | Reached skill level 5 in Fighting
 11374 | D:10     | Acquired Okawaru's second power
 11401 | D:10     | Reached XP level 11. HP: 74/74 MP: 12/12
 11429 | D:10     | Noticed a seven-headed hydra
 11443 | D:10     | Killed a seven-headed hydra
 11443 | D:10     | Received a gift from Okawaru
 11529 | D:11     | Noticed a cyclops
 11538 | D:11     | Killed a cyclops
 11628 | D:11     | Noticed Snorg
 11641 | D:11     | Killed Snorg
 12090 | D:11     | Received a gift from Okawaru
 12127 | D:11     | Noticed a hill giant
 12144 | D:11     | Killed a hill giant
 12184 | D:11     | Reached skill level 10 in Fighting
 12239 | D:11     | Found a staircase to the Lair.
 12367 | D:11     | Gained mutation: You have a pair of small horns on your head. [potion of beneficial mutation]
 12368 | D:11     | Gained mutation: Your mind is acute. (Int +2) [potion of beneficial mutation]
 12409 | Lair:1   | Entered Level 1 of the Lair of Beasts
 12412 | Lair:1   | Noticed an eight-headed hydra
 12425 | Lair:1   | Killed an eight-headed hydra
 12485 | Lair:1   | Received a gift from Okawaru
 12700 | Lair:1   | Received a gift from Okawaru
 12953 | Lair:1   | Reached XP level 12. HP: 91/91 MP: 13/13
 13035 | Lair:1   | Received a gift from Okawaru
 13153 | Lair:1   | Noticed a four-headed hydra
 13160 | Lair:1   | Killed a four-headed hydra
 13251 | Lair:1   | Found an opulent altar of Gozag.
 13346 | Lair:1   | Received a gift from Okawaru
 13632 | Lair:2   | Noticed a six-headed hydra
 13639 | Lair:2   | Killed a six-headed hydra
 13641 | Lair:2   | Noticed Nergalle
 13650 | Lair:2   | Killed Nergalle
 13878 | Lair:2   | Noticed a six-headed hydra
 13886 | Lair:2   | Killed a six-headed hydra
 14417 | Lair:3   | Found a frozen archway.
 14713 | IceCv    | Entered an ice cave
 14866 | IceCv    | Slain by an ice devil

Vault maps used:
D:1:      tarquinn_simple_flora_water_d
D:2:      makhleb_blood_cavern_becter, st_stairs_6, kennysheep_pointless_box,
          uniq_natasha
D:3:      zin_statuary
D:4:      nicolae_ru_sacrificial_ziggurat, kennysheep_mini_moat, first_bread,
          serial_shops, shop, minmay_gold_behind_fungi, uniq_blork_the_orc
D:5:      lemuel_doored_altar, nicolae_for_you_no_charge
D:6:      basic_altar
D:7:      lemuel_round_altar, minmay_temple_entry_mist, serial_shops, shop,
          shop, shop
D:8:      vehumet_altar_wand_db, serial_shops, shop, uniq_maurice
D:9:      orc_0_dummy, hangedman_pestilent_swarm, eino_tiny_chamber,
          nicolae_ashenzari_panopticon, uniq_joseph, uniq_prince_ribbit1
D:10:     feat_on_display, uniq_erolcha
D:11:     lair_0_dummy, minmay_misc_feat_columns, uniq_snorg
Lair:1:   basic_altar, roderic_batcave, st_stairs_3, lemuel_fruit_tree
Lair:2:   minmay_lair_oklob_items, fungi_pond_lemuel, uniq_nergalle
Lair:3:   minmay_lair_oklob_tunnel, guppyfry_snake_entry_island,
          portal_ice_cave_entry_ice_beasts
IceCv:    ice_cave_tombish

Action                   |  1- 3 |  4- 6 |  7- 9 | 10-12 || total
-------------------------+-------+-------+-------+-------++-------
Melee: Short sword       |   103 |   169 |    34 |       ||   306
       Hand axe          |       |       |   121 |       ||   121
       Mace              |       |       |     5 |   141 ||   146
       Shortbow          |       |       |     1 |       ||     1
 Fire: Shortbow          |    29 |   129 |   409 |   721 ||  1288
Invok: Heroism           |       |       |     9 |    12 ||    21
Evoke: Wand              |       |       |     1 |       ||     1
  Use: Scroll            |       |     8 |     7 |     7 ||    22
       Potion            |       |     1 |     1 |     7 ||     9
 Stab: Sleeping          |     3 |     5 |       |       ||     8
  Eat: Chunk             |     2 |    11 |    13 |    15 ||    41
       Pizza             |       |       |     1 |       ||     1
       Beef jerky        |       |       |     1 |       ||     1
       Fruit             |       |       |       |     4 ||     4
